 Dungeon Crawl Stone Soup version 0.25.1-8-g42b30a86e7 (webtiles) character file.

Game seed: 4377560655995709284

14291 funkygono the Thaumaturge (level 11, -5/85 HPs)
             Began as a Black Draconian Ice Elementalist on Dec 18, 2020.
             Was a High Priest of Vehumet.
             Killed by refrigeration
             ... invoked by Fannar
              (25 damage)
             ... on level 2 of the Lair of Beasts on Dec 19, 2020.
             The game lasted 00:48:12 (16415 turns).

funkygono the Thaumaturge (DrIE)                   Turns: 16415, Time: 00:48:12

Health: -5/85      AC: 13    Str: 12    XL:     11   Next: 86%
Magic:  5/25       EV: 15    Int: 24    God:    Vehumet [*****.]
Gold:   763        SH:  0    Dex: 13    Spells: 4/30 levels left

rFire    . . .     SeeInvis .   t - +5 whip (vamp)
rCold    . . .     Gourm    .   (no shield)
rNeg     + + .     Faith    +   (armour unavailable)
rPois    .         Spirit   .   (helmet restricted)
rElec    +         Reflect  .   (no cloak)
rCorr    .         Harm     .   a - +2 pair of gloves
MR       +....                  w - +2 pair of boots of Truth {rN++ Str+2}
Stlth    ++........             u - amulet of faith
HPRegen  0.24/turn              r - ring of protection from magic
MPRegen  0.19/turn              x - +6 ring of intelligence

@: no status effects
A: breathe lightning, unfitting armour, electricity resistance, cold-blooded, AC
+7
a: Breathe Lightning, Renounce Religion


You were on level 2 of the Lair of Beasts.
You worshipped Vehumet.
Vehumet was extremely pleased with you.
You were near starving.

You visited 2 branches of the dungeon, and saw 13 of its levels.

You collected 763 gold pieces.

Inventory:

Hand Weapons
 t - a +5 vampiric whip (weapon)
Missiles
 c - 324 stones (quivered)
Armour
 a - a +2 pair of gloves (worn)
 f - a +0 tower shield
 q - the +1 pair of boots of Vyubaru {-Tele Str+3 SInv}
   (You found it on level 4 of the Dungeon)

   It affects your strength (+3).
   It lets you see invisible.
   It prevents most forms of teleportation.
 w - the +2 pair of boots of Truth (worn) {rN++ Str+2}
   (You found it on level 5 of the Dungeon)

   It affects your strength (+2).
   It greatly protects you from negative energy.
Magical Staves
 h - an uncursed staff of wizardry
Jewellery
 r - a ring of protection from magic (left hand)
 u - an amulet of faith (around neck)
 x - a +6 ring of intelligence (right hand)
 H - an uncursed ring of ice
Wands
 s - a wand of flame (25)
 v - a wand of polymorph (8)
 y - a wand of disintegration (14)
 z - a wand of acid (12)
Scrolls
 g - 5 scrolls of teleportation
 o - 4 scrolls of enchant armour
 C - 6 scrolls of remove curse
 D - a scroll of blinking
 E - 2 scrolls of amnesia
Potions
 d - 3 potions of cancellation
 e - a potion of brilliance
 i - 6 potions of curing
 j - a potion of magic {unknown}
 k - a potion of heal wounds
 l - 4 potions of ambrosia
 m - 2 potions of flight
 p - a potion of invisibility
 A - a potion of mutation
 F - a potion of lignification {unknown}
Comestibles
 b - 24 rations


   Skills:
 + Level 4.7 Fighting
 + Level 7.0 Maces & Flails
 + Level 6.1 Dodging
 - Level 1.7 Stealth
 + Level 10.3 Spellcasting
 + Level 3.9 Conjurations
 + Level 3.2 Charms
 + Level 2.7 Fire Magic
 + Level 8.4 Ice Magic
 + Level 8.3 Air Magic


You had 4 spell levels left.
You knew the following spells:

 Your Spells              Type           Power        Failure   Level  Hunger
a - Freeze                Ice            ####         1%          1    None
b - Frozen Ramparts       Ice            ######       1%          3    None
c - Ozocubu's Armour      Chrm/Ice       #####...     1%          3    None
d - Foxfire               Conj/Fire      ####         1%          1    None
e - Shock                 Conj/Air       ####         1%          1    None
f - Static Discharge      Conj/Air       #####...     1%          3    None
g - Airstrike             Air            ######....   1%          4    #......
h - Lightning Bolt        Conj/Air       #####.....   3%          5    ####...
i - Fireball              Conj/Fire      ####......   11%         5    ####...

Your spell library contained the following spells:

 Spells                   Type           Power        Failure   Level  Hunger
 Orb of Destruction       Conj           ####......   88%         7    #######
 Swiftness                Chrm/Air       #####...     1%          2    None
 Hailstorm                Conj/Ice       #####...     1%          4    #......
 Summon Ice Beast         Ice/Summ       ####....     9%          4    #......
 Confusing Touch          Hex            ##......     16%         3    None
 Gell's Gravitas          Tloc           ##........   16%         3    None
 Petrify                  Tmut/Erth      ##......     45%         4    #......
 Metabolic Englaciation   Hex/Ice        ####......   24%         5    ####...
 Yara's Violent Unravell  Hex/Tmut       ##........   32%         5    ####...


Dungeon Overview and Level Annotations

Branches:
Dungeon (11/15)            Temple (0/1) D:5            Lair (2/6) D:10
  Swamp: Lair:2-4    Shoals: Lair:2-4     Snake: Lair:2-4    Spider: Lair:2-4
    Orc: D:9-12

Altars:
Cheibriados
Fedhas
Nemelex Xobeh
Qazlal
Ru
Uskayaw
Vehumet
Wu Jian

Shops:
D:4 (   D:7 [

Portals:
Abyss: Lair:1

Annotations:
Lair:1 2 transporters, mavignon's ghost, journeyman DEIE
Lair:2 Fannar


Innate Abilities, Weirdness & Mutations

You can breathe wild blasts of lightning.
Your glossy black scales are hard. (AC +7)
You cannot fit into any form of body armour.
You are resistant to electric shocks. (rElec)
You are cold-blooded and may be slowed by cold attacks.


Message History

The ice beast closely misses you.
You closely miss Fannar.
Fannar is heavily wounded.
Fannar resists.
The wall freezes Fannar.
Fannar barely misses you.
Unknown command.
You hit Fannar. You tail-slap Fannar, but do no damage.
Fannar is severely wounded.
The ice beast completely resists.
The wall freezes the ice beast but do no damage.
The ice beast hits you but does no damage.
Fannar completely resists.
The wall freezes Fannar but do no damage.
Fannar gestures at you while chanting. The bolt of cold hits you!!
* * * LOW HITPOINT WARNING * * *
The frozen ramparts melt away.
Fannar gestures wildly while chanting.
Fannar drains the heat from the surrounding environment!
You feel very cold.
You die...

#...# ... ##.## #..
###.# ##.. #...# #..#
##...# #..# ##.###
#eY## ### ##.## #..#
###### #.# #...#
#.##########.##.####..
##.##
#.e.Y.Y@...........#.#
#..#
##.#...######.##.##..#
##.# #######
####..##.# #.#
#.....### ##.##
####..##. #...# #P....
#..#### #..... ......#
####.# ...#..P#
########.


You could see Fannar (icy armour) and 2 ice beasts.

Vanquished Creatures
  A centaur warrior (D:8)
  A death knight (D:8)
  The ghost of spanik the Covert, a novice OpAs of Fedhas (D:8)
  Pikel (D:9)
  An elephant (D:10)
  Joseph (D:8)
  A gargoyle (D:10)
  3 spiny frogs
  Maggie (D:8)
  A troll (D:8)
  Prince Ribbit (D:9)
  4 hippogriffs
  4 blink frogs (Lair:1)
  4 yaks
  A spriggan (D:7)
  2 wyverns
  4 basilisks
  A porcupine (Lair:1)
  A water moccasin (Lair:2)
  3 orc warriors
  A black bear (D:10)
  2 ice beasts
  2 sky beasts
  4 phantoms
  2 slaves (D:9)
  A necrophage (D:9)
  6 ogres
  5 centaurs
  6 wolves (Lair:2)
  4 crocodiles
  A big kobold (D:10)
  8 bullfrogs
  3 scorpions
  6 killer bees
  16 wights
  A howler monkey (D:10)
  4 crimson imps
  3 jellies
  3 centaur zombies
  5 hounds
  5 orc priests
  An iguana (D:8)
  9 orc wizards
  11 worker ants
  A hound zombie (D:10)
  A hound skeleton (D:4)
  A worker ant zombie (D:10)
  11 adders
  2 shadow imps
  An ooze (D:2)
  3 adder skeletons
  An adder zombie (D:9)
  3 worms
  A dart slug (D:4)
  3 leopard geckos
  39 orcs
  9 bats
  6 giant cockroaches
  6 goblins
  8 hobgoblins
  2 jackals (D:1)
  5 quokkas
  2 ball pythons
  6 frilled lizards
  14 kobolds
  9 rats
  3 fungi (D:10)
  A plant (Lair:2)
284 creatures vanquished.

Vanquished Creatures (others)
  A hound (D:7)
  94 foxfires
  A fungus (Lair:2)
96 creatures vanquished.

Grand Total: 380 creatures vanquished

Notes
Turn   | Place    | Note
-------+----------+-------------------------------------------
     0 | D:1      | funkygono the Draconian Ice Elementalist began the quest
                  | for the Orb.
     0 | D:1      | Reached XP level 1. HP: 14/14 MP: 3/3
   184 | D:1      | Reached XP level 2. HP: 20/20 MP: 3/5
  1385 | D:2      | Reached XP level 3. HP: 26/26 MP: 3/6
  1472 | D:2      | Reached skill level 3 in Spellcasting
  1472 | D:2      | Reached XP level 4. HP: 24/33 MP: 5/8
  1477 | D:2      | Learned a level 3 spell: Frozen Ramparts
  1481 | D:2      | Learned a level 3 spell: Ozocubu's Armour
  3181 | D:3      | Found a sparkling altar of Nemelex Xobeh.
  3326 | D:3      | Found a radiant altar of Vehumet.
  3345 | D:3      | Became a worshipper of Vehumet
  3417 | D:3      | Found a blossoming altar of Fedhas.
  3491 | D:4      | Reached XP level 5. HP: 20/38 MP: 4/10
  3841 | D:4      | Found an ornate altar of the Wu Jian Council.
  3846 | D:4      | Got a pair of crude boots
  3852 | D:4      | Identified the +1 pair of boots of Vyubaru {-Tele Str+3
                  | SInv} (You found it on level 4 of the Dungeon)
  3915 | D:4      | Reached skill level 1 in Charms
  3915 | D:4      | Reached skill level 5 in Ice Magic
  4154 | D:4      | Reached skill level 4 in Spellcasting
  4270 | D:4      | Reached XP level 6. HP: 20/45 MP: 4/12
  4456 | D:4      | Found Morov's Weapon Boutique.
  5335 | D:5      | Entered Level 5 of the Dungeon
  5345 | D:5      | Reached skill level 1 in Maces & Flails
  5420 | D:5      | Noticed a sky beast
  5444 | D:5      | Killed a sky beast
  5478 | D:5      | Your scales start taking on a glossy black colour.
  5478 | D:5      | Reached XP level 7. HP: 50/50 MP: 10/14
  5478 | D:5      | Gained mutation: You are resistant to electric shocks.
                  | (rElec) [Black Draconian growth]
  5685 | D:5      | Reached * piety under Vehumet
  5685 | D:5      | Offered knowledge of Foxfire by Vehumet.
  5691 | D:5      | Learned a level 1 spell: Foxfire
  5743 | D:5      | Found a staircase to the Ecumenical Temple.
  5763 | D:5      | Found a sacrificial altar of Ru.
  5795 | D:5      | Got a pair of bloodstained boots
  6007 | D:5      | Identified the +2 pair of boots of Truth {rN++ Str+2} (You
                  | found it on level 5 of the Dungeon)
  6038 | D:6      | Reached skill level 5 in Spellcasting
  6104 | D:6      | Reached skill level 1 in Fire Magic
  6115 | D:6      | Reached XP level 8. HP: 45/58 MP: 10/16
  6119 | D:6      | Reached skill level 1 in Fighting
  6119 | D:6      | Reached skill level 1 in Conjurations
  6520 | D:6      | Found the +10 Black Knight's horse barding {ponderous,
                  | rPois rN+}
  6523 | D:6      | Reached ** piety under Vehumet
  6647 | D:6      | Found a snail-covered altar of Cheibriados.
  6869 | D:6      | Found a stormy altar of Qazlal.
  6871 | D:6      | Noticed an air elemental
  7251 | D:7      | Noticed a hippogriff
  7264 | D:7      | Killed a hippogriff
  7264 | D:7      | Offered knowledge of Sandblast by Vehumet.
  7264 | D:7      | Reached skill level 6 in Spellcasting
  7280 | D:7      | Noticed a hippogriff
  7291 | D:7      | Killed a hippogriff
  7291 | D:7      | Reached XP level 9. HP: 23/68 MP: 11/18
  7586 | D:7      | Reached skill level 5 in Maces & Flails
  7722 | D:7      | Found Haucif Hunos's Antique Armour Shop.
  7782 | D:7      | Reached skill level 5 in Dodging
  8371 | D:8      | Found a runed translucent door.
  8371 | D:8      | Noticed spanik's ghost (novice OpAs)
  8486 | D:8      | Offered knowledge of Stone Arrow by Vehumet.
  8499 | D:8      | Noticed a centaur warrior
  8519 | D:8      | Killed a centaur warrior
  8519 | D:8      | Reached skill level 7 in Spellcasting
  8707 | D:8      | Reached *** piety under Vehumet
  8867 | D:8      | Reached XP level 10. HP: 72/78 MP: 17/21
  8927 | D:8      | Offered knowledge of Airstrike by Vehumet.
  9264 | D:8      | Learned a level 1 spell: Shock
  9268 | D:8      | Learned a level 3 spell: Static Discharge
  9636 | D:8      | Noticed Joseph
  9650 | D:8      | Killed Joseph
  9650 | D:8      | Reached skill level 1 in Air Magic
  9808 | D:8      | Noticed Maggie
  9830 | D:8      | Killed Maggie
  9830 | D:8      | Reached skill level 8 in Spellcasting
 10395 | D:8      | Learned a level 4 spell: Airstrike
 10401 | D:8      | Learned a level 5 spell: Lightning Bolt
 10490 | D:8      | Killed spanik's ghost
 10594 | D:9      | Noticed a death knight
 10616 | D:8      | Killed a death knight
 11235 | D:9      | Reached **** piety under Vehumet
 11497 | D:9      | Noticed Pikel
 11503 | D:9      | Killed Pikel
 11624 | D:9      | Offered knowledge of Fireball by Vehumet.
 11631 | D:9      | Learned a level 5 spell: Fireball
 11707 | D:9      | Reached XP level 11. HP: 85/85 MP: 15/23
 11860 | D:9      | Noticed Prince Ribbit
 11863 | D:9      | Killed Prince Ribbit
 12429 | D:10     | Entered Level 10 of the Dungeon
 12439 | D:9      | Reached skill level 5 in Air Magic
 12649 | D:10     | Reached skill level 9 in Spellcasting
 13295 | D:10     | Found a staircase to the Lair.
 13321 | D:10     | Noticed a two-headed ogre
 13902 | D:10     | Reached ***** piety under Vehumet
 14567 | D:11     | Found a hide-covered altar of Uskayaw.
 14741 | Lair:1   | Entered Level 1 of the Lair of Beasts
 14961 | Lair:1   | Offered knowledge of Orb of Destruction by Vehumet.
 15020 | Lair:1   | Found a transporter.
 15020 | Lair:1   | Found a transporter.
 15027 | Lair:1   | Identified the cursed +2 demon trident of the Owl {distort,
                  | +Blink rElec MR++ Str-2}
 15027 | Lair:1   | Noticed a spriggan rider
 15112 | Lair:1   | Noticed a glowing orange brain
 15196 | Lair:1   | Reached skill level 10 in Spellcasting
 15375 | Lair:1   | Noticed a green ugly thing
 15393 | Lair:1   | Found a one-way gate to the infinite horrors of the Abyss.
 15399 | Lair:1   | Noticed mavignon's ghost (journeyman DEIE)
 16392 | Lair:2   | Noticed Fannar
 16415 | Lair:2   | Killed from afar by Fannar

Illustrated notes

Levels and vault maps discovered:
D:1:      evilmike_arrival_crescent, layout_basic, st_stairs_8
D:2:      minmay_alternating_diamond, layout_basic, st_stairs_3,
          minmay_misc_feat_cross, kennysheep_path_1, kennysheep_generic_room_4
D:3:      layout_basic, vehumet_crystals, nicolae_overflow_hidden_temple,
          nemelex_diamond_rough_becter
D:4:      layout_loops_corners, lemuel_coloured_pillars_altar, serial_shops,
          kennysheep_mini
D:5:      layout_cave_pools, lemuel_crystal_altar, minmay_temple_entry_wispy,
          first_ration
D:6:      layout_basic, lemuel_crystal_altar, nicolae_qazlal_style_of_elements,
          serial_glass, glass_columns_c, glass_columns_b, glass_columns_a,
          glass_columns_a, glass_columns_b, glass_columns_b, item_on_display_a
D:7:      layout_rooms, serial_shops, shop, the_bakery, lemuel_another_geyser
D:8:      layout_loops_ring, ebering_ghost_inner_flame, minmay_radiant,
          uniq_joseph, uniq_maggie
D:9:      cheibrodos_elevator_heist, layout_irregular_city, uniq_pikel,
          uniq_prince_ribbit1
D:10:     layout_gridville, david_lair_generic, chequers_mini_garden
D:11:     layout_roguey, basic_altar, uniq_sonja
Lair:1:   layout_chaotic_city, gammafunk_ghost_abyssal_escape, lemuel_fruit_tree
Lair:2:   layout_loops_ring, uniq_fannar

Skill      XL: |  1  2  3  4  5  6  7  8  9 10 11 |
---------------+----------------------------------+-----
Dodging        | 2 3 4 5 6 |  6.1
Spellcasting   | 3 4 5 6 7 8 10 | 10.3
Charms         | 1 2 3 |  3.2
Ice Magic      | 5 6 7 8 |  8.4
Maces & Flails | 1 3 4 5 6 7 |  7.0
Fire Magic     | 1 2 |  2.7
Fighting       | 2 3 4 |  4.7
Conjurations   | 1 2 3 |  3.9
Air Magic      | 4 8 |  8.3
Stealth        | |  1.7

Action                   |  1- 3 |  4- 6 |  7- 9 | 10-12 || total
-------------------------+-------+-------+-------+-------++-------
Melee: Club              |    22 |     6 |       |       ||    28
       Tailslap          |     2 |    12 |    24 |    41 ||    79
       Mace              |       |    32 |       |       ||    32
       Whip              |       |   110 |   220 |   265 ||   595
 Cast: Freeze            |    37 |   101 |       |       ||   138
       Frozen Ramparts   |       |     3 |    28 |    29 ||    60
       Ozocubu's Armour  |       |     5 |    12 |     5 ||    22
       Foxfire           |       |       |    45 |    11 ||    56
       Shock             |       |       |       |    94 ||    94
       Static Discharge  |       |       |       |    30 ||    30
       Airstrike         |       |       |       |    73 ||    73
       Fireball          |       |       |       |    11 ||    11
       Lightning Bolt    |       |       |       |     8 ||     8
 Abil: Breathe Lightning |       |       |       |     1 ||     1
  Use: Scroll            |     4 |     7 |     9 |     5 ||    25
       Potion            |       |     1 |     1 |     2 ||     4
 Stab: Sleeping          |       |     5 |       |       ||     5
  Eat: Chunk             |     2 |    11 |     8 |    19 ||    40
       Ration            |       |     1 |     1 |     3 ||     5
Armor: Skin              |    25 |   119 |    81 |    97 ||   322
Dodge: Dodged            |    50 |   158 |   142 |   198 ||   548
